 Dungeon Crawl Stone Soup version 0.23.2-1-ga50397a6bc (webtiles) character file.

Game seed: 1740685765257590952

1518 Peloso the Shield-Bearer (level 8, -12/70 HPs)
             Began as a Minotaur Fighter on Apr 22, 2019.
             Killed by divine providence
             ... invoked by an orc priest
              (15 damage)
             ... on level 5 of the Dungeon.
             The game lasted 00:10:49 (4564 turns).

Peloso the Shield-Bearer (Minotaur Fighter)         Turns: 4564, Time: 00:10:50

Health: -12/70     AC: 10    Str: 26    XL:     8   Next: 54%
Magic:  7/7        EV:  8    Int: 10    God:
Gold:   209        SH: 12    Dex: 11    Spells: 7/7 levels left

rFire    x . .     SeeInvis .   x - +5 whip of Xarch {slash, Fragile rElec Int+5}
rCold    + . .     Gourm    .   c - +1 shield
rNeg     . . .     Faith    .   t - +0 chain mail
rPois    .         Spirit   .   (helmet restricted)
rElec    +         Reflect  .   (no cloak)
rCorr    .         Harm     .   (no gloves)
MR       .....                  (no boots)
Stlth    ..........             (no amulet)
HPRegen  0.21/turn              s - +4 ring of strength
MPRegen  0.10/turn              u - ring of ice

@: slowed, very slow
A: retaliatory headbutt, horns 2
a: no special abilities


You were on level 5 of the Dungeon.
You were not hungry.

You visited 1 branch of the dungeon, and saw 5 of its levels.
You also visited: Sewer.

You collected 209 gold pieces.

Inventory:

Hand Weapons
 a - a +1 long sword
 x - the +5 whip of Xarch (weapon) {slash, Fragile rElec Int+5}
   (You found it on level 4 of the Dungeon)

   It inflicts extra damage upon your enemies.
   It affects your intelligence (+5).
   It insulates you from electricity.
   It will be destroyed if unequipped.
Armour
 b - a +0 scale mail
 c - a +1 shield (worn)
 t - a +0 chain mail (worn)
Jewellery
 s - a +4 ring of strength (left hand)
 u - a ring of ice (right hand)
Wands
 o - a wand of enslavement (9)
Scrolls
 e - 3 scrolls of remove curse
 j - 4 scrolls of identify
 k - a scroll of amnesia {unknown}
 l - 2 scrolls of enchant armour
 q - a scroll of fear {unknown}
 r - 2 scrolls of teleportation {unknown}
 w - a scroll of random uselessness {unknown}
 y - a scroll of noise {unknown}
Potions
 d - 2 potions of might
 g - a potion of agility
 h - a potion of magic {unknown}
 m - a potion of curing
 n - 3 potions of flight
 p - a potion of brilliance {unknown}
 v - 2 potions of heal wounds {unknown}
 A - a potion of ambrosia {unknown}
Comestibles
 f - 8 rations


   Skills:
 + Level 6.1 Fighting
 + Level 5.9 Long Blades
 + Level 5.2 Maces & Flails
 + Level 6.7 Armour
 + Level 2.4 Dodging
 + Level 0.3 Stealth
 + Level 7.1 Shields


You had 7 spell levels left.
You didn't know any spells.
Your spell library was empty.

Dungeon Overview and Level Annotations

Branches:
Dungeon (5/15)
 Temple: D:4-7

Altars:
Cheibriados
Gozag
Hepliaklqana
Yredelemnul


Innate Abilities, Weirdness & Mutations

You reflexively headbutt those who attack you in melee.
You have a pair of horns on your head.


Message History

* * * LOW HITPOINT WARNING * * *
The orc priest miscasts a cantrip.
Unknown command.
You feel better. The orc priest closely misses you. You furiously retaliate!
You headbutt the orc priest!
The orc priest calls down the wrath of Beogh upon you.
Beogh smites you!
* * * LOW HITPOINT WARNING * * *
The orc priest calls down the wrath of Beogh upon you.
You struggle to resist.
The orc wizard mumbles some strange words.
The orc wizard seems to speed up.
Okay, then.
You whack the orc priest!
You kill the orc priest!
The orc priest looks satisfied for a moment.
You block the orc wizard's attack.
The orc priest invokes the aid of Beogh against you.
Beogh smites you!
You die...

#≈≈≈≈≈≈...# #######
#..≈.≈....# #.....#
#.≈≈....÷.###########.#*#.#
#.....................# #.#
* ################.####.#
#.# **** #.# #.###.#**<**
#.# #>....#,*,** #####.#
#.##..#,*,** ###ooo@.#
#(##..#,,,,, #....####
#.##..#,*,** #...†#
#.##..#,*,** #..o.#
#.##..#.#,**
#...%#*****#.##..#.#,**
#.....,,,,,..*#..#.#,,,
#o...#*****#.##..#.####
#....# #........... #....#
#####.#.####


You could see 2 orc priests and an orc wizard.

Vanquished Creatures
  Grinder (Sewer)
  Eustachio (D:5)
  Edmund (D:4)
  A phantom (Sewer)
  An ogre (D:4)
  A centaur (D:5)
  2 big kobolds (Sewer)
  2 hounds (D:4)
  An orc wizard (D:4)
  3 orc priests
  4 worker ants
  4 big kobold zombies (Sewer)
  8 adders
  4 gnolls (D:4)
  A river rat (D:5)
  2 shadow imps (Sewer)
  An ufetubus (Sewer)
  3 oozes
  An adder skeleton (D:5)
  6 worms
  4 dart slugs
  4 leopard geckos
  7 orcs
  6 bats
  A bat zombie (Sewer)
  4 giant cockroaches
  2 gnoll zombies (D:2)
  6 goblins
  8 hobgoblins
  6 jackals
  22 kobolds
  A quokka (D:4)
  6 ball pythons
  6 frilled lizards
  2 kobold zombies (Sewer)
  2 leopard gecko skeletons
  2 quokka zombies
  15 rats
152 creatures vanquished.

Notes
Turn   | Place    | Note
-------+----------+-------------------------------------------
     0 | D:1      | Peloso the Minotaur Fighter began the quest for the Orb.
     0 | D:1      | Reached XP level 1. HP: 19/19 MP: 0/0
   116 | D:1      | Reached XP level 2. HP: 27/27 MP: 1/1
   269 | D:1      | Reached skill level 4 in Shields
   309 | D:1      | Reached XP level 3. HP: 18/33 MP: 2/2
  1059 | D:2      | Reached XP level 4. HP: 40/40 MP: 3/3
  1115 | D:2      | Found a basalt altar of Yredelemnul.
  1229 | D:2      | Found a hazy altar of Hepliaklqana.
  1620 | D:3      | Found a snail-covered altar of Cheibriados.
  1864 | D:3      | Reached XP level 5. HP: 46/47 MP: 4/4
  1912 | D:3      | Reached skill level 1 in Dodging
  2503 | D:4      | Noticed Edmund
  2545 | D:4      | Killed Edmund
  2545 | D:4      | Reached skill level 5 in Long Blades
  2545 | D:4      | Reached skill level 5 in Armour
  2545 | D:4      | Reached XP level 6. HP: 18/53 MP: 5/5
  2869 | D:4      | Got a smoking whip
  2895 | D:4      | Identified the +5 whip of Xarch {slash, Fragile rElec
                  | Int+5} (You found it on level 4 of the Dungeon)
  3119 | D:4      | Reached skill level 5 in Shields
  3175 | D:4      | Reached skill level 5 in Fighting
  3196 | D:4      | Reached XP level 7. HP: 57/61 MP: 6/6
  3379 | D:4      | Reached skill level 1 in Maces & Flails
  3470 | D:5      | Entered Level 5 of the Dungeon
  3591 | D:5      | Found an opulent altar of Gozag.
  3660 | D:5      | Noticed Eustachio
  3672 | D:5      | Killed Eustachio
  3730 | D:5      | Found a glowing drain.
  3738 | Sewer    | Entered a sewer
  3837 | Sewer    | Found an ancient bone altar of Kikubaaqudgha.
  3845 | Sewer    | Reached skill level 6 in Shields
  3845 | Sewer    | Reached XP level 8. HP: 36/70 MP: 7/7
  4119 | Sewer    | Noticed Grinder
  4126 | Sewer    | Paralysed by Grinder for 4 turns
  4136 | Sewer    | Killed Grinder
  4333 | Sewer    | Reached skill level 5 in Maces & Flails
  4333 | Sewer    | Reached skill level 7 in Shields
  4563 | D:5      | HP: 3/70 [orc priest/divine providence (8)]
  4564 | D:5      | Killed from afar by an orc priest

Skill      XL: |  1  2  3  4  5  6  7  8 |
---------------+-------------------------+-----
Armour         | 4 5 6 |  6.7
Fighting       | 4 5 6 |  6.1
Shields        | 4 5 6 7 |  7.1
Long Blades    | 3 4 5 |  5.9
Dodging        | 1 2 |  2.4
Maces & Flails | 3 5 |  5.2
Stealth        | |  0.3

Action                   |  1- 3 |  4- 6 |  7- 9 || total
-------------------------+-------+-------+-------++-------
Melee: Long sword        |    85 |   160 |       ||   245
       Headbutt          |     7 |    37 |    39 ||    83
       Whip              |       |    23 |   165 ||   188
  Use: Scroll            |       |     6 |     5 ||    11
       Potion            |       |     1 |     2 ||     3
  Eat: Chunk             |       |     8 |     4 ||    12
Armor: Scale mail        |    39 |    36 |       ||    75
       Chain mail        |       |    17 |    82 ||    99
Dodge: Dodged            |    26 |    50 |    35 ||   111
Block: Shield            |    42 |    84 |   122 ||   248
       Rpst.: Long sword |    10 |     9 |       ||    19
